 Dungeon Crawl Stone Soup version 0.30-a0-881-g1ff12e1e11 (webtiles) character file.

Game seed: 8993016922103628307

357 Parcival the Conjurer (level 6, 0/43 HPs)
             Began as a Human Conjurer on Mar 14, 2023.
             Slain by an orc wizard
             ... wielding a +0 dagger
              (3 damage)
             ... on level 4 of the Dungeon.
             The game lasted 00:17:54 (4991 turns).

Parcival the Conjurer (Human Conjurer)              Turns: 4991, Time: 00:17:54

Health: 0/43       AC:  6    Str:  7    XL:     6   Next: 96%
Magic:  10/10      EV: 12    Int: 20    God:
Gold:   218        SH:  0    Dex: 12    Spells: 8/11 levels left

rFire   . . .      SeeInvis .    r - +6 hammer "Human's Death" {flame, rElec}
rCold   . . .      Faith    .    (no shield)
rNeg    . . .      Spirit   .    a - +0 robe
rPois   .          Reflect  .    (no helmet)
rElec   +          Rampage  .    t - +0 cloak
rCorr   .                        d - +2 pair of gloves
Will    .....                    (no boots)
Stlth   +                        (no amulet)
HPRegen 0.27/turn                (no ring)
MPRegen 0.12/turn                (no ring)

@: confused
A: no striking features
a: no special abilities


You were on level 4 of the Dungeon.
You visited 1 branch of the dungeon, and saw 4 of its levels.
You also visited: Sewer.

You collected 218 gold pieces.

Inventory:

Hand Weapons
 c - a +1 dagger
 g - a +2 dagger of speed
 r - the +6 hammer "Human's Death" (weapon) {flame, rElec}
   (You found it on level 3 of the Dungeon)

   rElec:     It insulates you from electricity.
 s - a +2 quarterstaff of chaos
 u - a +1 heavy hammer
Armour
 a - a +0 robe (worn)
 d - a +2 pair of gloves (worn)
 e - a +2 pair of gloves
 t - a +0 cloak (worn)
Jewellery
 i - a ring of ice
Scrolls
 b - a scroll of brand weapon
 k - a scroll of enchant weapon
 l - 2 scrolls of vulnerability
 m - a scroll of enchant armour
 o - a scroll of noise
Potions
 h - a potion of lignification
 j - 3 potions of flight
 p - a potion of degeneration


   Skills:
 + Level 1.1 Fighting
 + Level 2.1 Short Blades
 + Level 0.1 Maces & Flails
 + Level 3.1 Dodging
 + Level 3.0 Stealth
 + Level 3.2 Spellcasting
 + Level 5.6 Conjurations


You had 8 spell levels left.
You knew the following spells:

 Your Spells              Type           Power      Damage    Failure   Level
a - Magic Dart            Conj           100%       1d8       1%          1
b - Searing Ray           Conj           50%        2d6       1%          2

Your spell library contained the following spells:

 Spells                   Type           Power      Damage    Failure   Level
 Dazzling Flash           Conj/Hex       28%        N/A       13%         3
 Kindle Blastsparks       Fire/Tloc/Air  6%         2d10      38%         3
 Fulminant Prism          Conj/Hex       7%         3d6       41%         4
 Iskenderun's Mystic Bla  Conj/Tloc      14%        2d5       41%         4
 Lee's Rapid Deconstruct  Erth           1%         3d4*      98%         5


Dungeon Overview and Level Annotations

Branches:
Dungeon (4/15)              Sewer (visited)
 Temple: D:4-7

Altars:

Shops:
D:2 =((::


Message History

* * * LOW HITPOINT WARNING * * *
Your kobold barely misses something.
Okay, then.
You hit the orc priest. You burn the orc priest.
You kill the orc priest!
Something hits you but does no damage.
Your kobold closely misses something.
Your Stealth skill increases to level 3!
You hear some strange, mumbled words.
A puff of flame appears from out of thin air!
The puff of flame misses you.
Your kobold barely misses something.
You see here a +0 mace.
Casting: Searing Ray (safe; 1% risk of failure)
Confirm with . or Enter, or press ? or * to list all spells.
You can't see any susceptible monsters within range! (Use Z to cast anyway.)
Something hits you but does no damage.
Your kobold barely misses something.
You hear some strange, mumbled words.
You are confused.
You're too confused to move!
You hear some strange, mumbled words.
A puff of flame appears from out of thin air!
The puff of flame misses you.
Your kobold closely misses something.
You bump into the rock wall.
Something hits you.
* * * LOW HITPOINT WARNING * * *
Your kobold hits something with a +0 short sword.
You barely miss something.
You hear some strange, mumbled words.
You are more confused.
Your kobold barely misses something.
Something hits you.
* * * LOW HITPOINT WARNING * * *
You're too confused to cast spells.
You bump into the rock wall.
Your kobold barely misses something.
Something hits you but does no damage.
Okay, then.
Something hits you but does no damage. Something hits you but does no damage.
You bump into the rock wall.
Something hits you.
* * * LOW HITPOINT WARNING * * *
You hit something but do no damage.
Your kobold closely misses something.
Something hits you.
You die...

###.# #....#...#.##.#.
.....##....#...#.##.#.
...........#...#.##...
...........#...#.#####
...........#.###.#
.#...).#)..#...#.#
#.....)...K.#.#.#.#
#...######..#.#.#.#
#.....@{K.......#.# #
.....######..#####.#
.# ...
+.............#..## .
#########..........
.......'.........#
########.........>
#..........
#.........#
###########


You could see a friendly kobold (summoned).

Vanquished Creatures
  Crazy Yiuf (D:3)
  2 orc priests
  3 gnolls (D:4)
  5 adders
  4 river rats (Sewer)
  4 worms
  2 dart slugs
  5 orcs
  8 bats
  6 endoplasms
  6 giant cockroaches
  5 goblins
  4 hobgoblins
  2 jackals (Sewer)
  2 quokkas
  15 ball pythons
  4 frilled lizards
  8 kobolds
  6 rats
92 creatures vanquished.

Vanquished Creatures (collateral kills)
  A gnoll bouda (D:4)
  2 gnolls (D:4)
  2 orcs (D:4)
  A ball python (D:4)
6 creatures vanquished.

Vanquished Creatures (others)
  A plant (D:2)
1 creature vanquished.

Grand Total: 99 creatures vanquished

Notes
Turn   | Place    | Note
-------+----------+-------------------------------------------
     0 | D:1      | Parcival the Human Conjurer began the quest for the Orb.
     0 | D:1      | Reached XP level 1. HP: 13/13 MP: 3/3
    55 | D:1      | You fall into a shaft and drop 1 floor!
   225 | D:2      | Reached XP level 2. HP: 19/19 MP: 3/5
   628 | D:1      | Reached XP level 3. HP: 24/24 MP: 3/6
  1153 | D:2      | Learned a level 2 spell: Searing Ray
  1348 | D:2      | Found Tyuh's Weapon Shop.
  1428 | D:2      | Found Adimig's Book Boutique.
  1483 | D:2      | Found Uracuh's Jewellery Shoppe.
  1613 | D:2      | Found Icun's Weapon Boutique.
  1623 | D:2      | Reached XP level 4. HP: 30/30 MP: 2/7
  1800 | D:2      | Found Beur's Book Shoppe.
  1857 | D:2      | Reached skill level 5 in Conjurations
  2382 | D:3      | Reached XP level 5. HP: 35/35 MP: 8/8
  2471 | D:3      | Found a glowing drain.
  2490 | Sewer    | Entered a sewer
  2647 | Sewer    | Reached skill level 1 in Short Blades
  3048 | Sewer    | Reached XP level 6. HP: 27/41 MP: 2/10
  4465 | D:3      | Found a runed translucent door.
  4466 | D:3      | Identified the +6 hammer "Human's Death" {flame, rElec}
  4466 | D:3      | Noticed Crazy Yiuf
  4473 | D:3      | Killed Crazy Yiuf
  4787 | D:4      | Reached skill level 1 in Fighting
  4991 | D:4      | Slain by an orc wizard

Illustrated notes

Levels and vault maps discovered:
D:1:      eino_arrival_tree_alley, layout_basic, minmay_misc_feat_five,
          amcnicky_mini_corridor_feature
D:2:      layout_loops_ring, serial_shops, nicolae_lakefront_shop,
          nicolae_shop_hallway_stairs, nicolae_shop_hallway_plus, shop, shop,
          serial_forest, infiniplex_forest_end_3, infiniplex_forest_lined_room_,
          infiniplex_forest_corner_1, infiniplex_forest_clump_tiny,
          infiniplex_forest_straight_3, infiniplex_forest_end_2,
          corexii_hall_statues_l
D:3:      layout_loops_ring, cheibrodos_sewer_entry_drain,
          uniq_crazy_yiuf_cottage
D:4:      layout_basic, lightli_minifort, uniq_edmund, uniq_grinder

Skill      XL: |  1  2  3  4  5  6 |
---------------+-------------------+-----
Conjurations   | 5 |  5.6
Short Blades   | 1 2 |  2.1
Spellcasting   | 3 |  3.2
Fighting       | 1 |  1.1
Dodging        | 3 |  3.1
Stealth        | 3 |  3.0
Maces & Flails | |  0.1

Action                     |  1- 3 |  4- 6 || total
---------------------------+-------+-------++-------
  Melee: Dagger            |     5 |    86 ||    91
         Unarmed           |     1 |       ||     1
         Mace              |       |    11 ||    11
   Cast: Magic Dart        |    46 |       ||    46
         Searing Ray       |     4 |    51 ||    55
    Use: Scroll            |     5 |     8 ||    13
         Potion            |       |     8 ||     8
 Armour: Robe              |     3 |    87 ||    90
  Dodge: Dodged            |     9 |   114 ||   123

Table legend: (Time is in decaauts)
 A = Elapsed time spent in this place.
 B = Non-inter-level travel time spent in this place.
 C = Inter-level travel time spent in this place.
 D = Time resting spent in this place.
 E = Time spent auto-exploring this place.
 F = Levels seen in this place.
 G = Mean time per level.
                   A        B        C        D        E       F      G
               +--------+--------+--------+--------+--------+-----+--------+
         Total |   5262 |   5066 |    196 |      0 |   3855 |   5 | 1052.4 |
       Dungeon |   3403 |   3207 |    196 |      0 |   2754 |   4 |  850.8 |
         Sewer |   1858 |   1858 |      0 |      0 |   1101 |   1 | 1858.0 |
               +--------+--------+--------+--------+--------+-----+--------+

Top non-repeatable levels by time:
   Sewer: 1858 daAuts
     D:2: 1227 daAuts
     D:3: 1095 daAuts
     D:1: 755 daAuts
     D:4: 325 daAuts
